IL
IOWA CUBS @ LAS VEGAS 51S
09/02/2048
 
TOP OF THE 1ST
Iowa Cubs batting - Pitching for Las Vegas 51s : RHP David Anzaldua
Pitching: RHP David Anzaldua
Batting: RHB Brian Gargis 0-0: Called Strike
0-1: Ball
1-1: Swinging Strike
1-2: Ball
2-2: Ball
3-2: Strikes out swinging
Batting: RHB Adam O'Hare 0-0: Ball
1-0: Foul Ball, location: 2F
1-1: Called Strike
1-2: Strikes out swinging
Batting: LHB Mark Ingram 0-0: Foul Ball, location: 2F
0-1: Ball
1-1: Foul Ball, location: 2F
1-2: Strikes out swinging
Top of the 1st over - 0 runs, 0 hits, 0 errors, 0 left on base; Iowa 0 - Las Vegas 0
BOTTOM OF THE 1ST
Las Vegas 51s batting - Pitching for Iowa Cubs : RHP Willie Ramos
Pitching: RHP Willie Ramos
Batting: RHB Finn Ross 0-0: Foul Ball, location: 2F
0-1: Foul Ball, location: 2F
0-2: Ball
1-2: Ball
2-2: Foul Ball, location: 2F
2-2: Ball
3-2: Base on Balls
Batting: SHB Jason Larson 0-0: Ball
Finn Ross steals 2nd base
1-0: Foul Ball, location: 2F
1-1: Foul Ball, location: 2F
1-2: SINGLE (Groundball, 23, EV 60.6 MPH) (infield hit)
Finn Ross to third
Batting: RHB Josh Jones 0-0: Called Strike
0-1: Ball
Jason Larson is caught stealing 2nd base 2-4
1-1: Foul Ball, location: 2F
1-2: Ball
Passed Ball!
Finn Ross scores
2-2: Fly out, F8 (Flyball, 8RS, EV 91.9 MPH)
Batting: SHB Harrison Feist 0-0: Foul Ball, location: 2F
0-1: Swinging Strike
0-2: Foul Ball, location: 2F
0-2: Ball
1-2: Foul Ball, location: 2F
1-2: Foul Ball, location: 2F
1-2: Fly out, F8 (Flyball, 8LXD, EV 103.8 MPH)
Bottom of the 1st over - 1 run, 1 hit, 0 errors, 0 left on base; Iowa 0 - Las Vegas 1
TOP OF THE 2ND
Iowa Cubs batting - Pitching for Las Vegas 51s : RHP David Anzaldua
Batting: RHB Jon Aguilar 0-0: Ball
1-0: Ball
2-0: Ground out 5-3 (Groundball, 5L, EV 101.9 MPH)
Batting: RHB Ryan Walker 0-0: Ball
1-0: Called Strike
1-1: Ball
2-1: Foul Ball, location: 2F
2-2: Foul Ball, location: 2F
2-2: Foul Ball, location: 2F
2-2: Strikes out looking
Batting: SHB Tim Hone 0-0: Called Strike
0-1: Ball
1-1: Foul Ball, location: 2F
1-2: Fly out, F7 (Line Drive, 7LM, EV 98.1 MPH)
Top of the 2nd over - 0 runs, 0 hits, 0 errors, 0 left on base; Iowa 0 - Las Vegas 1
BOTTOM OF THE 2ND
Las Vegas 51s batting - Pitching for Iowa Cubs : RHP Willie Ramos
Batting: LHB Bill Armijo 0-0: Ball
1-0: Called Strike
1-1: Called Strike
1-2: Ground out 6-3 (Groundball, 4M, EV 103.1 MPH)
Batting: RHB Jordan Fairburn 0-0: Ball
1-0: Ball
2-0: Ball
3-0: Called Strike
3-1: Foul Ball, location: 2F
3-2: Base on Balls
Batting: SHB Nelson Powell 0-0: Ball
1-0: Ball
Jordan Fairburn steals 2nd base
2-0: Ball
Wild Pitch!
Jordan Fairburn to third
3-0: Base on Balls
Batting: RHB Devine Adams 0-0: Ball
Passed Ball!
Jordan Fairburn scores
Nelson Powell to second
1-0: Foul Ball, location: 2F
1-1: SINGLE (Line Drive, 6M, EV 95.6 MPH)
Nelson Powell to third
Batting: RHB Alex Vasquez 0-0: Swinging Strike
0-1: Swinging Strike
Passed Ball!
Nelson Powell scores
Devine Adams to second
0-2: Ball
1-2: Strikes out swinging
Batting: RHB Finn Ross 0-0: Ball
1-0: Fly out, F4 (Popup, 34S, EV 73.1 MPH)
Bottom of the 2nd over - 2 runs, 1 hit, 0 errors, 1 left on base; Iowa 0 - Las Vegas 3
TOP OF THE 3RD
Iowa Cubs batting - Pitching for Las Vegas 51s : RHP David Anzaldua
Batting: RHB Pat Barton 0-0: Ball
1-0: Ground out 1-3 (Groundball, 25, EV 68.1 MPH)
Batting: SHB Seung-ho Zhang 0-0: Foul Ball, location: 2F
0-1: Ball
1-1: Foul Ball, location: 2F
1-2: Ground out U3 (Groundball, 3, EV 110.0 MPH)
Batting: RHB Tony Mendez 0-0: Fly out, F8 (Flyball, 8RXD, EV 90.0 MPH)
Top of the 3rd over - 0 runs, 0 hits, 0 errors, 0 left on base; Iowa 0 - Las Vegas 3
BOTTOM OF THE 3RD
Las Vegas 51s batting - Pitching for Iowa Cubs : RHP Willie Ramos
Batting: SHB Jason Larson 0-0: Ball
1-0: Foul Ball, location: 2F
1-1: Ball
2-1: SINGLE (Groundball, 6MD, EV 102.5 MPH)
Batting: RHB Josh Jones 0-0: Called Strike
0-1: Fly out, F8 (Flyball, 8RM, EV 91.2 MPH)
Batting: SHB Harrison Feist 0-0: Ball
1-0: Ball
Jason Larson steals 2nd base
2-0: Called Strike
2-1: Foul Ball, location: 2F
2-2: SINGLE (Line Drive, 9LS, EV 106.9 MPH)
Jason Larson to third
Batting: LHB Bill Armijo 0-0: Foul Ball, location: 2F
0-1: Ball
1-1: Foul Ball, location: 2F
1-2: Fielders Choice at 2nd, 3-6 (Groundball, 3, EV 81.2 MPH)
Jason Larson scores
Batting: RHB Jordan Fairburn 0-0: Ball
Bill Armijo steals 2nd base
1-0: SINGLE (Groundball, 6MD, EV 98.1 MPH)
Bill Armijo to third
Runner from 3rd tries for Home, SAFE, throw by CF to home
Batting: SHB Nelson Powell 0-0: Foul Ball, location: 2F
0-1: Fly out, F7 (Flyball, 7, EV 91.2 MPH)
Bottom of the 3rd over - 2 runs, 3 hits, 0 errors, 1 left on base; Iowa 0 - Las Vegas 5
TOP OF THE 4TH
Iowa Cubs batting - Pitching for Las Vegas 51s : RHP David Anzaldua
Now in LF: Mike Phillips
Now in RF: Finn Ross
Batting: RHB Brian Gargis 0-0: Called Strike
0-1: Swinging Strike
0-2: Strikes out swinging
Batting: RHB Adam O'Hare 0-0: SINGLE (Line Drive, 8LS, EV 106.9 MPH)
Batting: LHB Mark Ingram 0-0: Ball
1-0: Foul Ball, location: 2F
1-1: Ball
2-1: Ball
3-1: Foul Ball, location: 2F
3-2: Fly out, F9 (Flyball, 9LS, EV 85.0 MPH)
Batting: RHB Jon Aguilar 0-0: Fly out, F8 (Flyball, 89M, EV 88.8 MPH)
Top of the 4th over - 0 runs, 1 hit, 0 errors, 1 left on base; Iowa 0 - Las Vegas 5
BOTTOM OF THE 4TH
Las Vegas 51s batting - Pitching for Iowa Cubs : RHP Willie Ramos
Batting: RHB Devine Adams 0-0: Called Strike
0-1: Ball
1-1: Fly out, F4 (Popup, 34, EV 65.6 MPH)
Batting: RHB Alex Vasquez 0-0: Ball
1-0: Ball
2-0: Ball
3-0: Called Strike
3-1: Foul Ball, location: 2F
3-2: Strikes out swinging, 2-3 out at first.
Batting: RHB Finn Ross 0-0: Ball
1-0: Ball
2-0: Called Strike
2-1: Reached on error, E5 (Groundball, 56S, EV 88.1 MPH)
Batting: SHB Jason Larson 0-0: Ball
1-0: Ball
Finn Ross steals 2nd base
2-0: Called Strike
2-1: Ground out 6-3 (Groundball, 6, EV 83.1 MPH)
Bottom of the 4th over - 0 runs, 0 hits, 1 error, 1 left on base; Iowa 0 - Las Vegas 5
TOP OF THE 5TH
Iowa Cubs batting - Pitching for Las Vegas 51s : RHP David Anzaldua
Batting: RHB Ryan Walker 0-0: Ball
1-0: Ball
2-0: Swinging Strike
2-1: Ball
3-1: Base on Balls
Batting: SHB Tim Hone 0-0: Called Strike
0-1: Swinging Strike
0-2: Ball
1-2: Grounds into double play, 5-4-3 (Groundball, 56, EV 81.9 MPH)
Batting: RHB Pat Barton 0-0: Ball
1-0: DOUBLE (Groundball, 5L, EV 101.2 MPH)
Batting: SHB Seung-ho Zhang 0-0: Called Strike
0-1: Ball
1-1: Called Strike
1-2: Strikes out swinging
Top of the 5th over - 0 runs, 1 hit, 0 errors, 1 left on base; Iowa 0 - Las Vegas 5
BOTTOM OF THE 5TH
Las Vegas 51s batting - Pitching for Iowa Cubs : RHP Willie Ramos
Batting: RHB Josh Jones 0-0: Ball
1-0: Swinging Strike
1-1: DOUBLE (Flyball, 89XD, EV 101.9 MPH)
Batting: SHB Harrison Feist 0-0: Hit by Pitch
Batting: RHB Mike Phillips 0-0: Ball
Josh Jones steals 3rd, throwing error, E2
Josh Jones scores
Harrison Feist to third
1-0: Foul Ball, location: 2F
1-1: Called Strike
1-2: Ball
2-2: Fly out, F8 (Flyball, 8LD, EV 93.8 MPH)
Runner from 3rd tags up, OUT at HOME! 8-2
Batting: RHB Jordan Fairburn 0-0: Called Strike
0-1: Ball
1-1: Ball
2-1: Swinging Strike
2-2: Strikes out looking
Bottom of the 5th over - 1 run, 1 hit, 1 error, 0 left on base; Iowa 0 - Las Vegas 6
TOP OF THE 6TH
Iowa Cubs batting - Pitching for Las Vegas 51s : RHP David Anzaldua
Batting: RHB Tony Mendez 0-0: Foul Ball, location: 2F
0-1: Ball
1-1: Swinging Strike
1-2: Ball
2-2: Strikes out swinging
Batting: RHB Brian Gargis 0-0: Ball
1-0: Called Strike
1-1: Foul Ball, location: 2F
1-2: Strikes out swinging
Batting: RHB Adam O'Hare 0-0: Ball
1-0: Ground out U3 (Groundball, 34S, EV 80.6 MPH)
Top of the 6th over - 0 runs, 0 hits, 0 errors, 0 left on base; Iowa 0 - Las Vegas 6
BOTTOM OF THE 6TH
Las Vegas 51s batting - Pitching for Iowa Cubs : RHP Willie Ramos
Pitching: LHP Bill Esten
Batting: SHB Nelson Powell 0-0: Ball
1-0: Ball
2-0: Called Strike
2-1: Fly out, F7 (Line Drive, 7LM, EV 86.9 MPH)
Batting: RHB Devine Adams 0-0: Ball
1-0: Foul Ball, location: 2F
1-1: Ball
2-1: Foul Ball, location: 2F
2-2: Ball
3-2: Ground out 4-3 (Groundball, 4D, EV 103.8 MPH)
Batting: RHB Alex Vasquez 0-0: Ball
1-0: Ball
2-0: Ball
3-0: Called Strike
3-1: Swinging Strike
3-2: Foul Ball, location: 2F
3-2: Ground out 6-3 (Groundball, 6, EV 100.6 MPH)
Bottom of the 6th over - 0 runs, 0 hits, 0 errors, 0 left on base; Iowa 0 - Las Vegas 6
TOP OF THE 7TH
Iowa Cubs batting - Pitching for Las Vegas 51s : RHP David Anzaldua
Batting: LHB Mark Ingram 0-0: Fly out, F4 (Popup, 3S, EV 80.0 MPH)
Batting: RHB Jon Aguilar 0-0: Foul Ball, location: 2F
0-1: Foul Ball, location: 2F
0-2: SINGLE (Groundball, 34D, EV 102.5 MPH)
Batting: RHB Ryan Walker 0-0: Foul Ball, location: 2F
0-1: Called Strike
0-2: Grounds into double play, 4-6-3 (Groundball, 4, EV 102.5 MPH)
Top of the 7th over - 0 runs, 1 hit, 0 errors, 0 left on base; Iowa 0 - Las Vegas 6
BOTTOM OF THE 7TH
Las Vegas 51s batting - Pitching for Iowa Cubs : LHP Bill Esten
Batting: RHB Finn Ross 0-0: Foul Ball, location: 2F
0-1: Foul Ball, location: 2F
0-2: Ball
1-2: Ball
2-2: Ball
3-2: Foul Ball, location: 2F
3-2: SOLO HOME RUN (Flyball, 78XD, EV 99.4 MPH), Distance : 415 ft
Batting: SHB Jason Larson 0-0: Ball
1-0: SINGLE (Groundball, 6D, EV 104.4 MPH)
Batting: RHB Josh Jones 0-0: Called Strike
Jason Larson steals 2nd base
0-1: DOUBLE (Line Drive, 3D, EV 95.0 MPH)
Jason Larson scores
Batting: SHB Harrison Feist 0-0: Ball
1-0: Foul Ball, location: 2F
1-1: Foul Ball, location: 2F
1-2: SINGLE (Groundball, 4M, EV 105.6 MPH)
Josh Jones to third
Pinch Hitting: LHB Jose Chavez 0-0: Ball
1-0: Fielders Choice at 2nd, 3-6 (Groundball, 34, EV 107.5 MPH)
Josh Jones scores
Pinch Hitting: RHB Nick Rang 0-0: Ball
Passed Ball!
Jose Chavez to second
1-0: Ball
2-0: Ball
Wild Pitch!
Jose Chavez to third
3-0: Called Strike
3-1: Base on Balls
Pitching: LHP Jose Urena
Batting: SHB Nelson Powell 0-0: Called Strike
0-1: Swinging Strike
0-2: Foul Ball, location: 2F
0-2: Ball
1-2: Ball
2-2: Foul Ball, location: 2F
2-2: Ball
3-2: Base on Balls
Nick Rang to second
Batting: RHB Devine Adams 0-0: Ball
1-0: Foul Ball, location: 2F
1-1: Called Strike
1-2: Fly out, F8 (Flyball, 8LS, EV 81.2 MPH)
Pinch Hitting: RHB Roger Renteria 0-0: Foul Ball, location: 2F
0-1: Ball
1-1: Ball
2-1: Fielders Choice at 2nd, 6-4 (Groundball, 56, EV 100.0 MPH)
Bottom of the 7th over - 3 runs, 4 hits, 0 errors, 3 left on base; Iowa 0 - Las Vegas 9
TOP OF THE 8TH
Iowa Cubs batting - Pitching for Las Vegas 51s : RHP David Anzaldua
Now at 2B: Nick Rang
Now at 3B: Roger Renteria
Now at SS: Jason Larson
Now in LF: Jose Chavez
Batting: SHB Tim Hone 0-0: Ball
1-0: Called Strike
1-1: DOUBLE (Flyball, 8LXD, EV 100.0 MPH)
Batting: RHB Pat Barton 0-0: Ball
1-0: Ball
2-0: Ground out 6-3 (Groundball, 6, EV 88.1 MPH)
Tim Hone to third
Batting: SHB Seung-ho Zhang 0-0: Called Strike
0-1: SINGLE (Flyball, 6MD, EV 90.6 MPH)
Tim Hone scores
Batting: RHB Tony Mendez 0-0: Called Strike
0-1: Ball
1-1: Ground out U3 (Groundball, 34S, EV 68.8 MPH)
Seung-ho Zhang to second
Batting: RHB Brian Gargis 0-0: Called Strike
0-1: Ball
1-1: Ball
2-1: Foul Ball, location: 2F
2-2: Ball
3-2: Reached via error on a dropped throw from 1B, E1 (Groundball, 34S, EV 90.0 MPH)
Seung-ho Zhang to third
Batting: RHB Adam O'Hare 0-0: Ball
1-0: Called Strike
1-1: Called Strike
1-2: Strikes out swinging, 2-3 out at first.
Top of the 8th over - 1 run, 2 hits, 1 error, 2 left on base; Iowa 1 - Las Vegas 9
BOTTOM OF THE 8TH
Las Vegas 51s batting - Pitching for Iowa Cubs : LHP Jose Urena
Batting: RHB Finn Ross 0-0: Called Strike
0-1: Ball
1-1: Swinging Strike
1-2: Strikes out swinging
Pinch Hitting: RHB Ken Fitzpatrick 0-0: Ball
1-0: Called Strike
1-1: Swinging Strike
1-2: SINGLE (Groundball, 6M, EV 105.6 MPH) (infield hit)
Batting: RHB Josh Jones 0-0: Ball
1-0: Foul Ball, location: 2F
1-1: Called Strike
1-2: SINGLE (Line Drive, 7S, EV 96.2 MPH)
Ken Fitzpatrick to second
Batting: SHB Harrison Feist 0-0: Foul Ball, location: 2F
0-1: Called Strike
0-2: Ball
1-2: Ball
2-2: Strikes out swinging
Batting: LHB Jose Chavez 0-0: Ball
1-0: Swinging Strike
1-1: Foul Ball, location: 2F
1-2: Ball
2-2: Strikes out swinging
Bottom of the 8th over - 0 runs, 2 hits, 0 errors, 2 left on base; Iowa 1 - Las Vegas 9
TOP OF THE 9TH
Iowa Cubs batting - Pitching for Las Vegas 51s : RHP David Anzaldua
Pitching: RHP Brian Wood
Now at SS: Ken Fitzpatrick
Pinch Hitting: RHB Ricardo Aguinaga 0-0: Foul Ball, location: 2F
0-1: Swinging Strike
0-2: Ball
1-2: Strikes out swinging
Batting: RHB Jon Aguilar 0-0: Fly out, F7 (Line Drive, 78M, EV 108.1 MPH)
Batting: RHB Ryan Walker 0-0: Fly out, F8 (Flyball, 8RXD, EV 96.9 MPH)
Top of the 9th over - 0 runs, 0 hits, 0 errors, 0 left on base; Iowa 1 - Las Vegas 9
Tuesday, March 28th , 2023 - OOTP Baseball 23.10 Build 110